 Dungeon Crawl Stone Soup version 0.31-a0-625-gc9c7e45f3f (webtiles) character file.

Game seed: 2523514753749295948

4126 CrazyBamboolord the Thaumaturge (level 10, -8/73 HPs)
             Began as a Mummy Necromancer on Aug 23, 2023.
             Was an Initiate of Sif Muna.
             Mangled by a fire crab (10 damage)
             ... on level 8 of the Dungeon on Aug 24, 2023.
             The game lasted 00:23:14 (10478 turns).

CrazyBamboolord the Thaumaturge (MuNe)             Turns: 10478, Time: 00:23:15

Health: -8/73      AC:  8    Str: 12    XL:     10   Next: 6%
Magic:  19/25      EV: 14    Int: 19    God:    Sif Muna [......]
Gold:   642        SH:  0    Dex: 18    Spells: 16/31 levels left

rFire   x . .        j - +7 Throatcutter {drain, coup de grace}
rCold   + . .        (no shield)
rNeg    + + +        t - +0 steam dragon scales
rPois   ∞            (no helmet)
rElec   .            o - +1 cloak
rCorr   .            (no gloves)
SInv    +            l - +0 pair of boots
Will    .....        (no amulet)
Stlth   ++           b - +6 ring of dexterity
HPRegen 0.32/turn    p - ring of see invisible
MPRegen 0.19/turn

%: faith
@: weak-willed
A: cold resistance 1, negative energy resistance 3, torment resistance 2, heat
vulnerability 1, in touch with death 1, no potions, faith
a: Renounce Religion


You were on level 8 of the Dungeon.
You worshipped Sif Muna.
Sif Muna was noncommittal.
You visited 2 branches of the dungeon, and saw 9 of its levels.
You also visited: Ossuary.

You collected 642 gold pieces.

Inventory:

Hand Weapons
 j - the +7 Throatcutter (weapon) {drain, coup de grace}
   (You took it off Terence on level 2 of the Dungeon)
Armour
 l - a +0 pair of boots (worn)
 o - a +1 cloak (worn)
 t - +0 steam dragon scales (worn)
Jewellery
 b - a +6 ring of dexterity (left hand)
 p - a ring of see invisible (right hand)
Wands
 s - a wand of roots (8)
Scrolls
 a - a scroll of identify
 c - 7 scrolls of teleportation
 e - 2 scrolls of revelation
 f - a scroll of poison
 g - 4 scrolls of blinking
 h - a scroll of brand weapon
 i - 3 scrolls of enchant weapon
 k - 3 scrolls of amnesia
 n - 2 scrolls of fear
 r - a scroll of enchant armour


   Skills:
 * Level 4.3 Fighting
 * Level 3.9 Dodging
 + Level 2.4 Stealth
 * Level 11.1 Spellcasting
 * Level 2.2 Hexes
 * Level 9.7 Necromancy
 * Level 0.3 Invocations


You had 16 spell levels left.
You knew the following spells:

 Your Spells              Type           Power      Damage    Failure   Level
a - Necrotise             Necr           100%       1d9       1%          1
b - Vampiric Draining     Necr           64%        2d10      1%          3
c - Animate Dead          Necr           64%        N/A       1%          4
d - Ensorcelled Hibernat  Hex/Ice        28%        N/A       6%          2
e - Agony                 Necr           64%        N/A       3%          5

Your spell library contained the following spells:

 Spells                   Type           Power      Damage    Failure   Level
 Passwall                 Tmut/Erth      8%         N/A       10%         2
 Scorch                   Fire           20%        2d5       10%         2
 Swiftness                Air            10%        N/A       21%         3
 Flame Wave               Conj/Fire      10%        2d6       54%         4
 Summon Cactus Giant      Summ           5%         N/A       100%        6


Dungeon Overview and Level Annotations

Branches:
Dungeon (8/15)             Temple (1/1) D:7            Lair (0/5) D:8
Ossuary (visited)

Altars:
Ashenzari
Cheibriados
Dithmenos
Gozag
Hepliaklqana
Kikubaaqudgha
Makhleb
Nemelex Xobeh
Okawaru
Qazlal
Ru
Sif Muna
Trog
Uskayaw
Vehumet
Wu Jian
Xom
Yredelemnul

Shops:
D:2 (

Annotations:
D:2 1 runed translucent door, Crazy Yiuf


Innate Abilities, Weirdness & Mutations

You are immune to poison.
Your flesh is cold resistant. (rC+)
You are immune to negative energy. (rN+++)
You are immune to unholy pain and torment.
You are vulnerable to heat. (rF-)
You are in touch with the powers of death.
You do not drink.
You have a special connection with the divine. (Faith)


Message History

Hit: j) +7 Throatcutter {drain, coup de grace}
Press: ? - help, Dir - move target, f - fire crab
Aim: a fire crab (weak-willed, ally target, about 20% to evade the +7 Throatcutter)
Your weapon can't reach that far!
Okay, then.
Unknown command.
As you read the scroll of fog, it dissolves into smoke.
The fire crab breathes flames at you.
The blast of flame engulfs your orc zombie!
Your orc zombie barely misses the fire crab.
The fire crab bites your orc zombie.
Your orc zombie is destroyed!
The fire crab bites you.
You are engulfed in flames!!
The fire burns you terribly! The fire crab barely misses you.
Casting: Ensorcelled Hibernation (safe; 6% risk of failure)
Confirm with . or Enter, or press ? or * to list all spells.
Aiming: Ensorcelled Hibernation (safe; 6% risk of failure)
Press: ? - help, Shift-Dir - straight line, f - fire crab
Aim: a fire crab (grey smoke, weak-willed, chance to affect: 48%)
The fire crab resists with some effort.
The fire crab closely misses you. The fire crab claws you.
You are engulfed in flames!
The fire burns you terribly!
* * * LOW HITPOINT WARNING * * *
Casting: Ensorcelled Hibernation (safe; 6% risk of failure)
Confirm with . or Enter, or press ? or * to list all spells.
Aiming: Ensorcelled Hibernation (safe; 6% risk of failure)
Press: ? - help, Shift-Dir - straight line, f/p - fire crab
Aim: a fire crab (grey smoke, weak-willed, chance to affect: 48%)
The fire crab resists with some effort.
The fire crab breathes flames at you. The blast of flame engulfs you!
The fire burns you terribly!
* * * LOW HITPOINT WARNING * * *
You can't drink.
Casting: Ensorcelled Hibernation (safe; 6% risk of failure)
Confirm with . or Enter, or press ? or * to list all spells.
Aiming: Ensorcelled Hibernation (safe; 6% risk of failure)
Press: ? - help, Shift-Dir - straight line, f/p - fire crab
Aim: a fire crab (grey smoke, weak-willed, chance to affect: 48%)
The fire crab resists with some effort.
The fire crab bites you!
You die...

######.#
#######.#########.#
.......# #.....## #.#
#####..# #......## #.#
.......## #.......# #.#
....t...# #......## #.#
t≈≈≈§...### #.....## #..
≈.≈≈≈§....# #.#.#.# ###
≈§.§≈≈§.#.#########§#.#.#
§§≈>≈≈......t.§t@§§§..#.#
§≈≈≈.≈≈.###########§###.#
§§§§≈§≈.. #.# #.#
.§§§§≈..## #.#
#.######### ........# .#
#.......... .###.## .#
########### #. $# ##


You could see a fire crab (weak-willed).

Vanquished Creatures
  Grinder (D:5)
  2 steam dragons (D:7)
  A water moccasin (D:6)
  An orc warrior (D:7)
  3 sky beasts
  3 ogres
  A centaur (D:7)
  4 kobold brigands (D:3)
  An elf zombie (Ossuary)
  A gnoll sergeant (D:6)
  6 scorpions
  9 wights
  3 howler monkeys (D:7)
  3 centaur zombies (Ossuary)
  4 hounds
  A gnoll bouda (D:5)
  4 orc priests
  3 sleepcaps
  Terence (D:2)
  10 orc wizards
  6 iguanas
  2 ogre zombies (Ossuary)
  7 mummies (Ossuary)
  21 gnolls
  11 adders
  3 white imps
  6 adder zombies (Ossuary)
  A worm (D:2)
  19 orcs
  6 bats
  9 endoplasms
  3 giant cockroaches
  4 goblins
  6 hobgoblins
  45 kobolds
  5 quokkas
  6 ball pythons
  4 frilled lizards
  5 goblin zombies (Ossuary)
  4 hobgoblin zombies (Ossuary)
  A kobold zombie (Ossuary)
  An orc zombie (Ossuary)
  A quokka zombie (Ossuary)
  3 rats
  6 rat zombies (Ossuary)
247 creatures vanquished.

Vanquished Creatures (collateral kills)
  3 orcs (D:7)
  2 kobolds
5 creatures vanquished.

Vanquished Creatures (others)
  An orc wizard (D:4)
  An orc (D:7)
  4 orc zombies
6 creatures vanquished.

Grand Total: 258 creatures vanquished

Notes
Turn   | Place    | Note
-------+----------+-------------------------------------------
     0 | D:1      | CrazyBamboolord the Mummy Necromancer began the quest for
                  | the Orb.
     0 | D:1      | Reached XP level 1. HP: 13/13 MP: 4/4
   160 | D:1      | Reached XP level 2. HP: 19/19 MP: 3/5
   202 | D:1      | Reached skill level 3 in Spellcasting
   981 | D:1      | Gained mutation: You are in touch with the powers of death.
                  | [Mummy growth]
   981 | D:1      | Reached XP level 3. HP: 24/24 MP: 4/7
   985 | D:1      | Learned a level 3 spell: Vampiric Draining
  1525 | D:2      | Noticed Terence
  1532 | D:2      | Killed Terence
  1533 | D:2      | Reached XP level 4. HP: 29/31 MP: 1/9
  1837 | D:2      | Found Qila's Antique Weapon Shop.
  1841 | D:2      | Reached skill level 4 in Spellcasting
  2241 | D:2      | Found a runed translucent door.
  2242 | D:2      | Noticed Crazy Yiuf
  2438 | D:2      | You fall into a shaft and drop 1 floor!
  2508 | D:3      | Reached skill level 5 in Necromancy
  2545 | D:3      | Noticed a scorpion
  2553 | D:3      | Killed a scorpion
  2554 | D:3      | Reached skill level 1 in Fighting
  2554 | D:3      | Reached XP level 5. HP: 31/37 MP: 3/11
  3240 | D:3      | Reached XP level 6. HP: 34/43 MP: 0/13
  3402 | D:3      | Reached skill level 5 in Spellcasting
  3812 | D:3      | Reached skill level 6 in Spellcasting
  3812 | D:3      | Reached XP level 7. HP: 24/50 MP: 2/16
  4315 | D:3      | Learned a level 4 spell: Animate Dead
  4395 | D:4      | Found an opulent altar of Gozag.
  4433 | D:4      | Found a sand-covered staircase.
  4439 | Ossuary  | Entered an ossuary
  4892 | Ossuary  | Reached XP level 8. HP: 44/57 MP: 18/18
  4916 | Ossuary  | Reached skill level 7 in Spellcasting
  6116 | D:5      | Entered Level 5 of the Dungeon
  6166 | D:5      | Noticed Grinder
  6173 | D:5      | Learned a level 2 spell: Ensorcelled Hibernation
  6182 | D:5      | Killed Grinder
  6456 | D:5      | Reached skill level 8 in Spellcasting
  7109 | D:5      | Reached XP level 9. HP: 65/65 MP: 14/21
  7293 | D:5      | Reached skill level 9 in Spellcasting
  7658 | D:6      | Learned a level 5 spell: Agony
  7771 | D:6      | Reached skill level 1 in Hexes
  8268 | D:6      | Upgraded the game from 0.31-a0-620-gd1cbd99268 to
                  | 0.31-a0-625-gc9c7e45f3f
  8475 | D:6      | Found a sacrificial altar of Ru.
  8483 | D:6      | Reached skill level 10 in Spellcasting
  9186 | D:7      | Found a staircase to the Ecumenical Temple.
  9268 | D:7      | Reached skill level 11 in Spellcasting
  9311 | Temple   | Entered the Ecumenical Temple
  9465 | Temple   | Became a worshipper of Sif Muna the Loreminder
  9868 | D:7      | Reached XP level 10. HP: 56/72 MP: 6/25
 10433 | D:8      | Found a staircase to the Lair.
 10434 | D:8      | Noticed a fire crab
 10477 | D:8      | HP: 1/73 [fire crab/blast of flame (13)]
 10478 | D:8      | Mangled by a fire crab

Illustrated notes

Levels and vault maps discovered:
D:1:      minmay_arrival_jagged, layout_basic, serial_glass, glass_columns_a,
          glass_columns_c, feat_on_display, item_on_display_a, feat_on_display,
          feat_on_display, minmay_distorted
D:2:      layout_loops_corners, serial_shops, nicolae_shop_crystal,
          uniq_crazy_yiuf_cottage, uniq_terence
D:3:      minmay_goblin_kobold_castle, layout_basic, st_stairs_7
D:4:      layout_basic, nicolae_overflow_crystal_walls,
          nicolae_ossuary_entry_ruins, nicolae_the_louvre
D:5:      layout_basic, eino_tiny_chamber, uniq_grinder
D:6:      lemuel_ice_spiral_2, layout_rooms, nicolae_ru_the_path_less_chosen,
          tso_altar, hangedman_decor_diamond_cutter
D:7:      layout_gridville, minmay_temple_entry_large_hall
D:8:      kennysheep_six_static_rooms, layout_loops_ring,
          nicolae_elyvilon_temple_path, minmay_lair_entry_lava, uniq_pikel
Temple:   minmay_temple_bridge_d

Skill      XL: |  1  2  3  4  5  6  7  8  9 |
---------------+----------------------------+-----
Spellcasting   | 3 4 6 8 11 | 11.1
Dodging        | 2 3 |  3.9
Necromancy     | 5 6 7 8 9 |  9.7
Fighting       | 1 2 3 4 |  4.3
Stealth        | 2 |  2.4
Hexes          | 2 |  2.2
Invocations    | |  0.3

Action                     |  1- 3 |  4- 6 |  7- 9 | 10-12 || total
---------------------------+-------+-------+-------+-------++-------
  Melee: Unarmed           |     6 |       |       |       ||     6
         Long sword        |       |    24 |   174 |     4 ||   202
   Cast: Necrotise         |    65 |   123 |   174 |     5 ||   367
         Vampiric Draining |     1 |     3 |    51 |     3 ||    58
         Agony             |       |       |     2 |     1 ||     3
         Animate Dead      |       |       |     1 |     1 ||     2
         Ensorcelled Hiber |       |       |       |     7 ||     7
    Use: Scroll            |       |     2 |    10 |     3 ||    15
   Stab: Sleeping          |       |       |     6 |     1 ||     7
         Distracted        |       |       |     2 |       ||     2
 Armour: Robe              |     4 |     1 |       |       ||     5
         Leather armour    |       |    32 |   100 |       ||   132
         Steam dragon scal |       |       |     4 |     2 ||     6
  Dodge: Dodged            |    14 |    76 |   205 |     5 ||   300

Table legend: (Time is in decaauts)
 A = Elapsed time spent in this place.
 B = Non-inter-level travel time spent in this place.
 C = Inter-level travel time spent in this place.
 D = Time resting spent in this place.
 E = Time spent auto-exploring this place.
 F = Levels seen in this place.
 G = Mean time per level.
                   A        B        C        D        E       F      G
               +--------+--------+--------+--------+--------+-----+--------+
         Total |  10564 |   9906 |    658 |    190 |   8166 |  10 | 1056.4 |
       Dungeon |   9648 |   9122 |    526 |     15 |   7796 |   8 | 1206.0 |
        Temple |    223 |     91 |    132 |      0 |     80 |   1 |  223.0 |
       Ossuary |    692 |    692 |      0 |    175 |    290 |   1 |  692.0 |
               +--------+--------+--------+--------+--------+-----+--------+

Top non-repeatable levels by time:
     D:3: 1909 daAuts
     D:5: 1542 daAuts
     D:1: 1429 daAuts
     D:7: 1234 daAuts
     D:4: 1133 daAuts
     D:6: 1104 daAuts
     D:2: 1014 daAuts
 Ossuary: 692 daAuts
     D:8: 280 daAuts
  Temple: 223 daAuts
